 Dungeon Crawl Stone Soup version 0.29-a0-757-g358383bc75 (webtiles) character file.

Game seed: 13900443036731341179

702 buhh the Shooter (level 7, -8/55 HPs)
             Began as a Formicid Hunter on June 30, 2022.
             Shot with a bolt by an orc warrior (18 damage)
             ... in a bailey.
             The game lasted 00:07:01 (4123 turns).

buhh the Shooter (Formicid Hunter)                  Turns: 4123, Time: 00:07:01

Health: -8/55      AC:  4    Str: 21    XL:     7   Next: 98%
Magic:  7/7        EV: 12    Int:  9    God:
Gold:   189        SH:  0    Dex: 19    Spells: 6/6 levels left

rFire   . . .      SeeInvis +   a - +1 shortbow (venom)
rCold   . . .      Faith    .   (no shield)
rNeg    . . .      Spirit   .   d - +0 leather armour
rPois   .          Reflect  .   (helmet unavailable)
rElec   .          Harm     .   (no cloak)
rCorr   .          Rampage  .   b - +0 pair of gloves
Will    .....                   (no boots)
Stlth   +++.......              (no amulet)
HPRegen 0.18/turn               v - +6 ring of strength
MPRegen 0.10/turn               (no ring)

@: attractive
A: permanent stasis, dig shafts and tunnels, antennae 3, four strong arms
a: Dig


You were in a bailey.
You visited 1 branch of the dungeon, and saw 6 of its levels.
You also visited: Bailey.

You collected 189 gold pieces.

Inventory:

Hand Weapons
 a - a +1 shortbow of venom (weapon)
 y - the +3 spear of Gallantry {speed, +Blink rF++ SInv}
   (You found it on level 8 of the Dungeon)

   Attacks with this weapon are significantly faster.
   rF:        It greatly protects you from fire.
   SInv:      It lets you see invisible.
   +Blink:    It lets you blink.
Armour
 b - a +0 pair of gloves (worn)
 d - a +0 leather armour (worn)
Jewellery
 v - a +6 ring of strength (left hand)
 x - a ring of magical power
Wands
 G - a wand of paralysis (11)
Scrolls
 c - 2 scrolls of blinking {!d}
 g - a scroll of identify {!d}
 q - a scroll of noise
 r - a scroll of summoning {unknown}
 s - a scroll of enchant armour {unknown}
 t - 3 scrolls of teleportation {!d}
 u - a scroll of torment {unknown}
 w - a scroll of poison {unknown}
 T - a scroll of immolation {!d}
 X - a scroll of amnesia
Potions
 e - a potion of brilliance {unknown}
 f - 2 potions of attraction
 h - 2 potions of flight {unknown}
 i - a potion of degeneration {unknown}
 j - a potion of resistance {unknown}
 k - a potion of cancellation {unknown}
 l - 2 potions of magic {unknown}
 m - a potion of mutation {unknown}
 n - 6 potions of curing {unknown}
 o - a potion of lignification {unknown}
 p - a potion of might {unknown}


   Skills:
 * Level 4.7 Fighting
 + Level 7.6 Ranged Weapons
 - Level 2.0 Dodging
 - Level 4.0 Stealth


You had 6 spell levels left.
You didn't know any spells.
Your spell library contained the following spells:

 Spells                   Type           Power      Damage    Failure   Level
 Necrotize                Necr           0%         1d4       43%         1
 Gell's Gravitas          Tloc           0%         N/A       80%         3
 Teleport Other           Tloc           0%         N/A       80%         3
 Vampiric Draining        Necr           0%         2d6       80%         3
 Agony                    Necr           0%         N/A       100%        5
 Dispersal                Tloc           0%         N/A       100%        6


Dungeon Overview and Level Annotations

Branches:
Dungeon (8/15) Zot: 26939    Lair (0/6) D:8          Bailey (1/1) Zot: 5608
 Temple: D:4-7

Altars:
Ashenzari
Gozag

Annotations:
D:5 Duvessa
D:8 1 transporter, zhov's ghost, novice FoHu


Innate Abilities, Weirdness & Mutations

You cannot be hasted, slowed, berserked, paralysed or teleported.
You can dig through walls and to a lower floor.
You have a pair of large antennae on your head. (SInv)
Your four strong arms can wield two-handed weapons with a shield.


Message History

The orc warrior looks as sick as possible!
The orc warrior is heavily wounded.
You feel a bit more experienced.
The orc warrior shoots a bolt.
The bolt barely misses you.
You shoot an arrow. The arrow hits the orc warrior!
You kill the orc warrior!
The orc shoots a bolt.
The bolt hits you!
The orc warrior shoots a bolt.
The bolt misses you.
You shoot an arrow. The arrow misses the orc warrior.
The orc shoots a bolt.
The bolt hits you.
The orc warrior shoots a bolt.
The bolt hits you!
There is an empty arch of ancient stone here.
There is a gate leading back out of this place here.
You are too injured to fight recklessly!
Fire: a) +1 shortbow (venom)
Press: ? - help, Q - select action, (/) - cycle Shift-Dir - straight line, f - orc
Aim: an orc, wielding a +0 arbalest and wearing a +0 ring mail You shoot an arrow.
The arrow hits the orc.
The orc is poisoned.
The orc is heavily wounded.
The orc shoots a bolt.
The bolt hits you!
* * * LOW HITPOINT WARNING * * *
Fire: a) +1 shortbow (venom)
Press: ? - help, Q - select action, (/) - cycle Shift-Dir - straight line, f/p - orc
Aim: an orc, wielding a +0 arbalest and wearing a +0 ring mail (almost dead, very poisoned)
You shoot an arrow.
The arrow hits the orc but does no damage.
The orc looks as sick as possible!
The orc is almost dead.
You kill the orc!
The orc warrior shoots a bolt.
The bolt barely misses you.
It was a potion of attraction.
You feel attractive to monsters.
The orc warrior is attracted toward you.
Fire: a) +1 shortbow (venom)
Press: ? - help, Q - select action, (/) - cycle Shift-Dir - straight line, f - orc warrior
Aim: an orc warrior, wielding a +0 arbalest and wearing a +0 ring mail (heavily wounded)
You shoot an arrow. The arrow hits the orc warrior!
The orc warrior is poisoned.
The orc warrior is severely wounded.
The orc warrior shoots a bolt.
The bolt hits you!!
You die...

##################
#@................
#.∩...............
#.................
#.o...............
#......≈≈≈≈≈......
#.....≈≈###≈≈)....
#..§..≈##.##≈)....
#...).≈#...)).....
#.....≈##.∩#≈.....


You could see an orc warrior (very poisoned).

Vanquished Creatures
  Menkaure (D:5)
  2 orc warriors (Bailey)
  3 scorpions
  2 orc priests (D:4)
  3 gnolls (D:3)
  3 adders
  An ufetubus (D:4)
  2 worms
  3 dart slugs
  17 orcs
  6 endoplasms
  A giant cockroach (D:1)
  5 hobgoblins
  2 jackals (D:1)
  3 kobolds
  3 quokkas
  5 ball pythons
  10 bats
  2 frilled lizards (D:1)
  3 goblins
  6 rats
83 creatures vanquished.

Notes
Turn   | Place    | Note
-------+----------+-------------------------------------------
     0 | D:1      | buhh the Formicid Hunter began the quest for the Orb.
     0 | D:1      | Reached XP level 1. HP: 16/16 MP: 1/1
    62 | D:1      | Reached XP level 2. HP: 23/23 MP: 2/2
   392 | D:1      | Reached XP level 3. HP: 28/28 MP: 3/3
   578 | D:2      | Found a faded altar of an unknown god.
   595 | D:2      | Found an opulent altar of Gozag.
   599 | D:2      | Noticed a scorpion
   604 | D:2      | Killed a scorpion
   605 | D:2      | Reached XP level 4. HP: 34/34 MP: 4/4
   945 | D:2      | Reached XP level 5. HP: 34/39 MP: 5/5
  1162 | D:2      | You fall into a shaft and drop 2 floors!
  1412 | D:4      | Found a broken altar of Ashenzari.
  1420 | D:4      | Reached skill level 5 in Ranged Weapons
  1634 | D:3      | Reached XP level 6. HP: 34/45 MP: 6/6
  2214 | D:3      | Reached skill level 6 in Ranged Weapons
  3340 | D:4      | Reached skill level 7 in Ranged Weapons
  3340 | D:4      | Reached XP level 7. HP: 51/51 MP: 7/7
  3623 | D:5      | Entered Level 5 of the Dungeon
  3625 | D:5      | Noticed Menkaure
  3632 | D:5      | Killed Menkaure
  3669 | D:5      | Noticed Duvessa
  3674 | D:5      | You fall into a shaft and drop 3 floors!
  3692 | D:8      | Found a transporter.
  3695 | D:8      | Noticed zhov's ghost (novice FoHu)
  3723 | D:8      | Found a flagged portal.
  3731 | D:8      | Identified the +3 spear of Gallantry {speed, +Blink rF++
                  | SInv}
  3735 | Bailey   | Entered a bailey
  4123 | Bailey   | Shot with a bolt by an orc warrior

Illustrated notes

Levels and vault maps discovered:
D:1:      tarquinn_simple_flora_water_a, layout_rooms
D:2:      layout_loops_cross, basic_altar,
          chequers_ecumenical_altar_simple_redux, patterned_corridor
D:3:      layout_basic
D:4:      layout_basic, ashenzari_altar_1
D:5:      layout_cave_pools, gammafunk_ghost_mausoleum, uniq_duvessa,
          uniq_menkaure
D:8:      layout_basic, nicolae_overflow_hidden_temple,
          grunt_lair_entry_orc_guard_hut, gammafunk_ghost_stat_death,
          enter_bailey_2, lemuel_another_geyser
Bailey:   bailey_polearm_2, bailey

Skill      XL: |  1  2  3  4  5  6  7 |
---------------+----------------------+-----
Dodging        | 2 |  2.0
Stealth        | 2 4 |  4.0
Ranged Weapons | 5 7 |  7.6
Fighting       | 4 |  4.7

Action                   |  1- 3 |  4- 6 |  7- 9 || total
-------------------------+-------+-------+-------++-------
 Fire: Shortbow          |    75 |   121 |    30 ||   226
 Abil: Dig               |     1 |       |       ||     1
       Shaft Self        |       |     1 |     1 ||     2
Evoke: Wand              |       |       |     1 ||     1
  Use: Scroll            |       |     8 |     2 ||    10
       Potion            |       |       |     1 ||     1
Armor: Leather armour    |    13 |     9 |     4 ||    26
Dodge: Dodged            |    18 |    18 |    11 ||    47

Table legend: (Time is in decaauts)
 A = Elapsed time spent in this place.
 B = Non-inter-level travel time spent in this place.
 C = Inter-level travel time spent in this place.
 D = Time resting spent in this place.
 E = Time spent auto-exploring this place.
 F = Levels seen in this place.
 G = Mean time per level.
                   A        B        C        D        E       F      G
               +--------+--------+--------+--------+--------+-----+--------+
         Total |   4180 |   4061 |    119 |    807 |   2667 |   7 |  597.1 |
       Dungeon |   3790 |   3671 |    119 |    503 |   2667 |   6 |  631.7 |
        Bailey |    390 |    390 |      0 |    304 |      0 |   1 |  390.0 |
               +--------+--------+--------+--------+--------+-----+--------+

Top non-repeatable levels by time:
     D:4: 1419 daAuts
     D:3: 1060 daAuts
     D:2: 619 daAuts
     D:1: 578 daAuts
  Bailey: 390 daAuts
     D:8: 60 daAuts
     D:5: 52 daAuts
